 Dungeon Crawl Stone Soup version 0.23.1 (webtiles) character file.

Game seed: 9928624710855562997

41 redwoodhats the Sneak (level 3, -1/27 HPs)
             Began as a Demonspawn Assassin on Mar 17, 2019.
             Slain by an orc wizard
             ... wielding a +0 dagger
              (5 damage)
             ... on level 1 of the Dungeon.
             The game lasted 00:07:19 (973 turns).

redwoodhats the Sneak (Demonspawn Assassin)          Turns: 973, Time: 00:07:20

Health: -1/27      AC:  6    Str:  9 (11) XL:     3   Next: 32%
Magic:  3/3        EV: 12    Int: 11 (12) God:
Gold:   33         SH:  0    Dex: 13 (15) Spells: 2/2 levels left

rFire    . . .     SeeInvis .   m - +3 short sword
rCold    . . .     Gourm    .   (no shield)
rNeg     . . .     Faith    .   c - +1 robe
rPois    .         Spirit   .   (no helmet)
rElec    .         Reflect  .   d - +0 cloak
rCorr    .         Harm     .   (no gloves)
MR       .....                  (no boots)
Stlth    +++.......             (no amulet)
HPRegen  0.09/turn              (no ring)
MPRegen  0.08/turn              (no ring)

@: very slightly contaminated, invisible
A: iridescent scales 1, rot immunity
a: no special abilities


You were on level 1 of the Dungeon.
You were not hungry.

You visited 1 branch of the dungeon, and saw 2 of its levels.

You collected 33 gold pieces.

Inventory:

Hand Weapons
 a - a +2 dagger
 b - a +0 blowgun
 m - a +3 short sword (weapon)
Missiles
 e - 19 poisoned needles
 f - 2 curare-tipped needles
Armour
 c - a +1 robe (worn)
 d - a +0 cloak (worn)
Scrolls
 h - a scroll of identify
 i - a scroll of immolation
Comestibles
 g - 2 rations


   Skills:
 + Level 2.1 Fighting
 + Level 2.2 Short Blades
 + Level 1.9 Throwing
 + Level 1.0 Dodging
 + Level 4.4 Stealth


You had 2 spell levels left.
You didn't know any spells.
Your spell library was empty.

Dungeon Overview and Level Annotations

Branches:
Dungeon (2/15)

Altars:


Innate Abilities, Weirdness & Mutations

You are partially covered in iridescent scales. (AC +2)
You are immune to rotting.


Message History

You are very lightly contaminated with residual magic.
It was a potion of degeneration.
There was something very wrong with that liquid.
You feel weakened.
You feel dopey.
You feel clumsy.
The orc wizard hits you with a +0 dagger.
* * * LOW HITPOINT WARNING * * *
The orc wizard barely misses you.
As you read the scroll labeled WATHRE SOEDI, it crumbles to dust.
It is a scroll of identify.
i - a scroll of immolation The orc wizard hits you but does no damage.
As you read the scroll labeled TEOKLIUD DAYDYREIS, it crumbles to dust.
You feel blessed for a moment.
It was a scroll of remove curse.
The orc wizard misses you. The orc wizard closely misses you.
As you read the scroll labeled FYNEMNOUNNAX, it crumbles to dust.
It is a scroll of enchant armour.
Your +0 robe glows green for a moment.
The orc wizard barely misses you.
You closely miss the orc wizard. The orc wizard misses you.
The orc wizard hits you with a +0 dagger.
You die...

#.#.#.........#
#...#.........#
##............#
#.#..........#
#)...........#
##...........#
#...........#
##o.........#
#.@#########
############.#
#............#
#............#
#####............#
#................#
#.###...........##
#.######...(...##
#....# #.#..†..#


You could see an orc wizard.

Vanquished Creatures
  An adder (D:2)
  An ooze (D:1)
  A dart slug (D:1)
  A leopard gecko (D:1)
  An orc (D:2)
  2 bats (D:1)
  2 giant cockroaches (D:1)
  4 goblins (D:1)
  2 hobgoblins
  3 kobolds (D:1)
  2 frilled lizards (D:1)
  3 rats (D:1)
23 creatures vanquished.

Notes
Turn   | Place    | Note
-------+----------+-------------------------------------------
     0 | D:1      | redwoodhats the Demonspawn Assassin began the quest for the
                  | Orb.
     0 | D:1      | Reached XP level 1. HP: 16/16 MP: 1/1
   101 | D:1      | Reached skill level 4 in Stealth
   238 | D:1      | Gained mutation: You are partially covered in iridescent
                  | scales. (AC +2) [demonic ancestry]
   238 | D:1      | Reached XP level 2. HP: 16/22 MP: 2/2
   723 | D:1      | Reached skill level 1 in Dodging
   908 | D:2      | Gained mutation: You are immune to rotting. [demonic
                  | ancestry]
   908 | D:2      | Reached XP level 3. HP: 27/27 MP: 3/3
   973 | D:1      | Slain by an orc wizard

Skill      XL: |  1  2 |
---------------+-------+-----
Stealth        | 4 |  4.4
Short Blades   | 2 |  2.2
Dodging        | 1 |  1.0
Fighting       | |  2.1
Throwing       | |  1.9

Action                   || total
-------------------------++-------
Melee: Dagger            ||    30
       Short sword       ||    25
 Fire: Blowgun           ||     8
  Use: Scroll            ||     3
       Potion            ||     2
 Stab: Sleeping          ||     3
Armor: Robe              ||    21
Dodge: Dodged            ||    37
